Map: Invader LE

Players

ImoSexTep

  • Race: Protoss Protoss
  • League: Grandmaster

LiquidTLO (TLO) - Winner!

  • Race: Zerg Zerg
  • League: Grandmaster

VOD

Have the link to the VOD?

Description

Time

  • Played on: July 2, 2016, 9:38 a.m.
  • Length: 7:31
Show
View Real Time Build Order
Export as new Build Order

ImoSexTep Protoss 

Build Orders: 1 Gate Expand, Zealot Archon, Dark Templar Rush 

Get SALT Encoding   

  12  0:01  Probe (Chrono Boost)  
  13  0:11  Probe (Chrono Boost)  
  14  0:20  Pylon  
  14  0:22  Probe (Chrono Boost)  
  15  0:38  Probe (Chrono Boost)  
  15  0:42  Gateway  
  16  0:49  Probe (Chrono Boost)  
  17  0:50  Assimilator  
  17  0:59  Probe (Chrono Boost)  
  18  1:10  Probe (Chrono Boost)  
  19  1:23  Nexus  
  20  1:25  Probe (Chrono Boost)  
  20  1:36  Probe (Chrono Boost)  
  21  1:42  Cybernetics Core  
  21  1:46  Probe (Chrono Boost)  
  22  1:52  Assimilator  
  22  1:57  Probe (Chrono Boost)  
  22  1:59  Pylon  
  23  2:17  Probe (Chrono Boost)  
  23  2:19  Adept, Warp Gate (Chrono Boost)  
  26  2:26  Pylon  
  26  2:28  Probe (Chrono Boost)  
  27  2:32  Twilight Council  
  27  2:36  Probe (Chrono Boost)  
  27  2:38  Probe (Chrono Boost)  
  29  2:46  Probe  
  29  2:50  Probe  
  31  2:57  Probe  
  31  3:02  Probe  
  33  3:07  Probe  
  33  3:09  Dark Shrine  
  34  3:16  Gateway  
  34  3:18  Gateway  
  34  3:20  Probe x2  
  36  3:31  Probe (Chrono Boost)  
  36  3:33  Mothership Core (Chrono Boost)  
  39  3:39  Pylon  
  36  3:43  Probe (Chrono Boost)  
  36  3:46  Pylon  
  37  3:52  Probe (Chrono Boost)  
  34  4:02  Pylon  
  33  4:06  Pylon  
  32  4:10  Gateway  
  32  4:34  Probe (Chrono Boost)  
  32  4:35  Probe (Chrono Boost)  
  34  4:38  Zealot  
  34  4:39  Zealot x2  
  34  4:45  Probe x2 (Chrono Boost)  
  42  4:55  Probe (Chrono Boost)  
  42  4:56  Probe (Chrono Boost)  
  43  5:05  Assimilator  
  43  5:06  Probe x2 (Chrono Boost)  
  44  5:12  Dark Templar x2  
  48  5:17  Probe x2 (Chrono Boost)  
  50  5:21  Dark Templar  
  52  5:30  Probe (Chrono Boost)  
  52  5:32  Probe (Chrono Boost)  
  54  5:41  Probe (Chrono Boost)  
  55  5:43  Probe (Chrono Boost)  
  55  5:48  Gateway  
  55  5:49  Adept x3  
  62  5:50  Gateway  
  62  5:51  Probe (Chrono Boost)  
  50  6:02  Adept  
  43  6:15  Adept x2  
  43  6:17  Probe (Chrono Boost)  
  43  6:18  Probe (Chrono Boost)  
  41  6:30  Adept x2  
  41  6:32  Probe x2 (Chrono Boost)  
  45  6:39  Pylon  
  41  6:46  Dark Templar  
  43  6:48  Dark Templar  
  42  6:56  Adept, Archon  
  44  7:03  Adept  
  44  7:06  Adept  
  48  7:19  Adept x2  
Show
View Real Time Build Order
Export as new Build Order

LiquidTLO Zerg - Winner!

Build Orders: Pool First 

Get SALT Encoding   

  12  0:01  Drone  
  13  0:13  Overlord  
  13  0:17  Drone  
  14  0:32  Drone x2  
  16  0:36  Drone  
  16  0:41  Extractor  
  16  0:47  Spawning Pool  
  15  0:51  Drone  
  17  0:57  Drone  
  17  1:08  Drone  
  18  1:20  Drone  
  19  1:25  Hatchery  
  18  1:35  Zergling x2  
  19  1:40  Metabolic Boost  
  19  1:47  Queen  
  21  1:54  Overlord  
  21  2:04  Zergling x2  
  22  2:14  Zergling x4  
  24  2:23  Queen  
  24  2:27  Overlord, Evolution Chamber  
  25  2:34  Zergling x2  
  26  2:38  Zergling x2  
  27  2:44  Zergling x2  
  27  2:49  Zergling x2  
  29  2:54  Zerg Melee Weapons Level 1  
  29  2:57  Drone  
  29  2:58  Drone x2  
  32  3:10  Drone  
  33  3:14  Drone  
  34  3:22  Overlord  
  34  3:37  Drone, Hatchery  
  34  3:38  Drone  
  35  3:43  Overlord  
  35  3:46  Zergling x2  
  36  3:48  Zergling x2  
  36  3:52  Drone  
  37  3:57  Drone x2  
  37  4:00  Drone  
  39  4:03  Zergling x2  
  39  4:08  Drone  
  41  4:15  Drone  
  41  4:20  Drone  
  41  4:23  Drone  
  41  4:26  Drone x2  
  41  4:29  Baneling Nest, Lair  
  42  4:32  Extractor, Zergling x2  
  42  4:36  Zergling x4  
  43  4:38  Zergling x2  
  43  4:39  Zergling x2  
  43  4:41  Zergling x2  
  43  4:42  Zergling x2  
  44  4:47  Zergling x2  
  44  4:50  Drone x2  
  44  4:51  Extractor, Drone  
  47  4:59  Zergling x4  
  48  5:00  Drone  
  48  5:11  Drone  
  48  5:12  Drone x2  
  48  5:13  Drone  
  52  5:14  Drone  
  52  5:16  Drone  
  52  5:17  Drone  
  52  5:18  Queen  
  52  5:20  Drone  
  58  5:22  Drone  
  58  5:24  Drone  
  60  5:31  Spire, Drone  
  60  5:35  Drone  
  59  5:36  Overseer  
  59  5:39  Zergling x2  
  59  5:40  Zergling x2  
  59  5:41  Zergling x2  
  60  5:43  Overseer  
  60  5:48  Zergling x2  
  61  5:50  Zergling x2  
  61  5:52  Zergling x2  
  61  5:55  Zergling x2  
  61  5:58  Zergling x2  
  61  6:00  Zergling x2  
  61  6:03  Zergling x2  
  59  6:22  Overlord  
  59  6:23  Overlord  
  59  6:28  Extractor  
  59  6:30  Drone  
  57  6:33  Overlord  
  57  6:34  Drone  
  57  6:35  Drone  
  57  6:38  Overlord  
  59  6:43  Overlord  
  59  6:47  Mutalisk x3  
  59  6:51  Mutalisk  
  66  6:59  Mutalisk  
  68  7:02  Spine Crawler, Mutalisk  
  69  7:09  Zergling x2  
  69  7:13  Zergling x2  
Tags
 
Add a new tag
Caveats
  • Supply blocks, unpowered buildings, or Contaminate may cause inaccurate times.
  • Supply counts are checked every 10 seconds.